 Dungeon Crawl Stone Soup version 0.26.1-11-gd32895ea62 (webtiles) character file.

Game seed: 12666959980773398665

252 seveneves the Covered (level 5, -3/47 HPs)
             Began as a Minotaur Fighter on July 22, 2021.
             Was an Initiate of Wu Jian.
             Slain by Sigmund
             ... wielding a +1 scythe of protection
              (5 damage)
             ... on level 4 of the Dungeon.
             The game lasted 00:07:09 (1722 turns).

seveneves the Covered (Minotaur Fighter)            Turns: 1722, Time: 00:07:10

Health: -3/47      AC: 10    Str: 22    XL:     5   Next: 89%
Magic:  4/4        EV:  8    Int:  5    God:    Wu Jian [......]
Gold:   85         SH:  9    Dex:  9    Spells: 4/4 levels left

rFire    . . .     SeeInvis .   n - +2 mace (holy)
rCold    . . .     Faith    .   c - +0 kite shield
rNeg     . . .     Spirit   .   b - +0 scale mail
rPois    .         Reflect  .   (helmet restricted)
rElec    .         Harm     .   (no cloak)
rCorr    .         Rampage  .   (no gloves)
Will     .....                  o - +2 pair of boots
Stlth    ..........             (no amulet)
HPRegen  0.15/turn              (no ring)
MPRegen  0.09/turn              (no ring)

@: no status effects
A: retaliatory headbutt, horns 2
a: Renounce Religion


You were on level 4 of the Dungeon.
You worshipped Wu Jian.
Wu Jian was noncommittal.
You visited 1 branch of the dungeon, and saw 4 of its levels.

You collected 85 gold pieces.

Inventory:

Hand Weapons
 n - a +2 mace of holy wrath (weapon)
Armour
 b - a +0 scale mail (worn)
 c - a +0 kite shield (worn)
 o - a +2 pair of boots (worn)
Scrolls
 a - a scroll of immolation {unknown}
 e - 3 scrolls of remove curse
 f - a scroll of blinking {unknown}
 h - 3 scrolls of teleportation
 j - 3 scrolls of identify
 l - a scroll of fear
Potions
 d - 2 potions of might
 g - a potion of brilliance {unknown}
 i - 2 potions of mutation {unknown}
 k - a potion of ambrosia {unknown}
 m - a potion of curing
 p - a potion of lignification {unknown}


   Skills:
 + Level 4.8 Fighting
 + Level 3.0 Long Blades
 + Level 3.0 Maces & Flails
 + Level 5.1 Armour
 + Level 1.3 Dodging
 + Level 4.7 Shields


You had 4 spell levels left.
You didn't know any spells.
Your spell library was empty.

Dungeon Overview and Level Annotations

Branches:
Dungeon (3/15)

Altars:
Kikubaaqudgha
Wu Jian

Annotations:
D:4 Sigmund


Innate Abilities, Weirdness & Mutations

You reflexively headbutt those who attack you in melee.
You have a pair of horns on your head.


Message History

Sigmund points at himself and mumbles some strange words.
Sigmund flickers and vanishes!
Deactivating autopickup; reactivate with Ctrl-A.
You hit something but do no damage. You headbutt something. Something hits you.
You closely miss something. Something hits you.
You miss something. Something hits you.
You hit something. Your headbutt misses something.
Something hits you but does no damage.
You hit something. Something hits you.
* * * LOW HITPOINT WARNING * * *
Your scale mail prevents you from hitting something.
Your headbutt misses something.
You hear some strange, mumbled words.
A magic dart appears from out of thin air!
The magic dart hits you!
* * * LOW HITPOINT WARNING * * *
You miss something. You headbutt something! Something hits you.
* * * LOW HITPOINT WARNING * * *
You closely miss something. You headbutt something. Something hits you.
You die...

##.## ... #.#
#.## ###..# #
#....###.#
#.......Z.
#######...#{##.#
#.....!†..@....#
#.........#+##.#
#........#.......
#........#.......
#........#.....[.
#........#.......
#........####..##
########## #># ##


There were no monsters in sight!

Vanquished Creatures
  A howler monkey (D:4)
  A centaur skeleton (D:4)
  Natasha (thrice) (D:2)
  Robin (D:3)
  2 adders
  A worm (D:3)
  3 dart slugs
  5 leopard geckos
  An orc (D:3)
  A ball python (D:2)
  5 bats
  A giant cockroach (D:1)
  15 goblins
  6 hobgoblins
  3 jackals (D:2)
  A quokka (D:4)
  3 frilled lizards
  9 kobolds
  7 rats
69 creatures vanquished.

Notes
Turn   | Place    | Note
-------+----------+-------------------------------------------
     0 | D:1      | seveneves the Minotaur Fighter began the quest for the Orb.
     0 | D:1      | Reached XP level 1. HP: 19/19 MP: 0/0
   132 | D:1      | Reached XP level 2. HP: 27/27 MP: 1/1
   161 | D:1      | Reached skill level 4 in Armour
   416 | D:1      | Reached XP level 3. HP: 25/33 MP: 2/2
   525 | D:2      | Found an ancient bone altar of Kikubaaqudgha.
   545 | D:2      | Noticed Natasha
   552 | D:2      | Killed Natasha
   700 | D:2      | Noticed Natasha
   706 | D:2      | Killed Natasha
   707 | D:2      | Reached skill level 1 in Maces & Flails
   707 | D:2      | Reached XP level 4. HP: 26/41 MP: 3/3
   722 | D:2      | Noticed Natasha
   730 | D:2      | Killed Natasha
  1404 | D:3      | Reached XP level 5. HP: 47/47 MP: 4/4
  1491 | D:3      | Noticed Robin
  1499 | D:3      | Killed Robin
  1508 | D:3      | Reached skill level 5 in Armour
  1528 | D:3      | Found an ornate altar of the Wu Jian Council.
  1548 | D:3      | Became a worshipper of the Wu Jian Council
  1689 | D:3      | You fall into a shaft and drop 1 floor!
  1700 | D:4      | Reached skill level 1 in Dodging
  1701 | D:4      | Noticed Sigmund
  1721 | D:4      | HP: 1/47 [something (3)]
  1722 | D:4      | Slain by Sigmund

Illustrated notes

Levels and vault maps discovered:
D:1:      lemuel_arrival_muddy, layout_rooms, st_stairs_2
D:2:      layout_basic, nicolae_overflow_crystal_walls, uniq_natasha
D:3:      layout_loops_corners, nicolae_tso_swordbearing_angel,
          old_standard_altar, gammafunk_ghost_smash, small_statue_alley_b,
          uniq_robin, uniq_jessica
D:4:      layout_basic, uniq_eustachio, uniq_menkaure, uniq_duvessa,
          uniq_sigmund

Skill      XL: |  1  2  3  4  5 |
---------------+----------------+-----
Shields        | 4 |  4.7
Armour         | 4 5 |  5.1
Fighting       | 4 |  4.8
Maces & Flails | 1 3 |  3.0
Long Blades    | 3 |  3.0
Dodging        | 1 |  1.3

Action                   |  1- 3 |  4- 6 || total
-------------------------+-------+-------++-------
Melee: Long sword        |    27 |       ||    27
       Headbutt          |     6 |    13 ||    19
       Mace              |    26 |   106 ||   132
Invok: Lunge             |       |     1 ||     1
  Use: Scroll            |     2 |     4 ||     6
Armor: Scale mail        |    30 |    53 ||    83
Dodge: Dodged            |    23 |    35 ||    58
Block: Kite shield       |    36 |    51 ||    87
       Rpst.: Long sword |     2 |       ||     2
